 Dungeon Crawl Stone Soup version 0.29-a0-1019-g84f7d21838 (webtiles) character file.

Game seed: 2554054182258860167

2 bladeefan the Trooper (level 1, -2/20 HPs)
             Began as a Hill Orc Monk on Aug 10, 2022.
             Slain by a kobold
             ... wielding a +0 whip
              (5 damage)
             ... on level 1 of the Dungeon.
             The game lasted 00:00:07 (53 turns).

bladeefan the Trooper (Hill Orc Monk)                 Turns: 53, Time: 00:00:08

Health: -2/20      AC:  2    Str: 13    XL:     1   Next: 40%
Magic:  1/1        EV: 12    Int: 10    God:
Gold:   0          SH:  0    Dex: 13    Spells: 0/0 levels left

rFire   . . .      SeeInvis .   a - +0 mace
rCold   . . .      Faith    .   (no shield)
rNeg    . . .      Spirit   .   b - +0 robe
rPois   .          Reflect  .   (no helmet)
rElec   .          Harm     .   (no cloak)
rCorr   .          Rampage  .   (no gloves)
Will    .....                   (no boots)
Stlth   ++........              (no amulet)
HPRegen 0.06/turn               (no ring)
MPRegen 0.07/turn               (no ring)

@: no status effects
A: no striking features
a: no special abilities


You were on level 1 of the Dungeon.
You visited 1 branch of the dungeon, and saw 1 of its levels.

Inventory:

Hand Weapons
 a - a +0 mace (weapon)
Armour
 b - a +0 robe (worn)
Potions
 c - a potion of ambrosia
 d - a potion of cancellation {unknown}


   Skills:
 + Level 3.6 Fighting
 * Level 3.3 Maces & Flails
 + Level 2.4 Dodging
 + Level 1.6 Stealth


You couldn't memorise any spells.
You didn't know any spells.
Your spell library was empty.

Dungeon Overview and Level Annotations

Branches:
Dungeon (1/15)

Altars:


Message History

Options error: Bad allow_self_target value: never (should be false, prompt or true) (~/.crawlrc:190) Bad channel name for runrest: 'pray:' Options error: Bad channel -- pray (~/.crawlrc:4396) Options error: Bad channel -- food (~/.crawlrc:4399) Options error: Bad channel -- rotten_meat (~/.crawlrc:4416) Welcome, bladeefan the Hill Orc Monk.
The Orb of Zot is coveted for many reasons.
Will you seize it for your own?
Found a staircase leading out of the dungeon.
Key pressed, stopping explore.
Found an orange potion.
d - an orange potion
Found 8 gold pieces.
A bat comes into view.
A bat is nearby!
A bat is nearby!
A kobold and a goblin come into view.
The kobold shouts!
Found a pair of boots.
The goblin shouts!
The bat hits you but does no damage. The bat hits you but does no damage.
You hit the bat but do no damage. The bat misses you.
You closely miss the bat. The bat hits you but does no damage. x2
The kobold hits you with a +0 whip. The bat closely misses you.
You barely miss the bat. The bat hits you. x2
The kobold completely misses you. The bat barely misses you.
You hit the bat. The bat barely misses you. The bat closely misses you.
The kobold hits you with a +0 whip. The goblin hits you with a +0 club.
The bat hits you but does no damage. The kobold closely misses you.
You hit the bat.
You kill the bat!
The goblin closely misses you. The kobold hits you with a +0 whip.
You closely miss the goblin. The goblin barely misses you.
The kobold closely misses you.
You barely miss the goblin. The goblin hits you but does no damage.
The kobold completely misses you.
You sock the goblin!
You kill the goblin!
The kobold hits you but does no damage.
You are too injured to fight recklessly!
The kobold hits you with a +0 whip.
* * * LOW HITPOINT WARNING * * *
You see here a +0 club.
You barely miss the kobold. The kobold hits you with a +0 whip.
* * * LOW HITPOINT WARNING * * *
The kobold hits you with a +0 whip.
You die...

#...8.8# 8.8
######......# ...#
............# ..#
######..########
................
######.#.####### ##[
#.#.#######
.....#####.#........
......†.@.....##....
.....###K..##...# .$
### #.### ##.... #.#
##... #.# .. ..# .
..# ...# ...#


You could see a kobold.

Vanquished Creatures
  A bat (D:1)
  A goblin (D:1)
2 creatures vanquished.

Notes
Turn   | Place    | Note
-------+----------+-------------------------------------------
     0 | D:1      | bladeefan the Hill Orc Monk began the quest for the Orb.
     0 | D:1      | Reached XP level 1. HP: 19/19 MP: 1/1
    53 | D:1      | Slain by a kobold

Illustrated notes

Levels and vault maps discovered:
D:1:      psy_arrival_basics, layout_rooms, serial_shops,
          nicolae_shop_bloodbath_and_beyond

Action                   || total
-------------------------++-------
Melee: Mace              ||     9
Armor: Robe              ||     7
Dodge: Dodged            ||    11

Table legend: (Time is in decaauts)
 A = Elapsed time spent in this place.
 B = Non-inter-level travel time spent in this place.
 C = Inter-level travel time spent in this place.
 D = Time resting spent in this place.
 E = Time spent auto-exploring this place.
 F = Levels seen in this place.
 G = Mean time per level.
                   A        B        C        D        E       F      G
               +--------+--------+--------+--------+--------+-----+--------+
         Total |     54 |     54 |      0 |      0 |     34 |   1 |   54.0 |
       Dungeon |     54 |     54 |      0 |      0 |     34 |   1 |   54.0 |
               +--------+--------+--------+--------+--------+-----+--------+

Top non-repeatable levels by time:
     D:1: 54 daAuts
